 Dungeon Crawl Stone Soup version 0.28-a0-793-g31680bbd8b (webtiles) character file.

Game seed: 13954313549658457061

16028 bjtr the Fighter (level 12, -8/95 HPs)
             Began as a Human Conjurer on Nov 3, 2021.
             Was an Elder of Vehumet.
             Mangled by a five-headed hydra (12 damage)
             ... on level 11 of the Dungeon on Nov 4, 2021.
             The game lasted 01:41:50 (18206 turns).

bjtr the Fighter (Human Conjurer)                  Turns: 18206, Time: 01:41:52

Health: -8/95      AC: 14    Str: 11    XL:     12   Next: 65%
Magic:  24/24      EV: 13    Int: 30    God:    Vehumet [****..]
Gold:   582        SH:  0    Dex: 12    Spells: 7/27 levels left

rFire   + . .      SeeInvis .   b - +1 scimitar (flame)
rCold   + . .      Faith    .   d - +0 kite shield
rNeg    . . .      Spirit   .   N - +0 robe of Wicked Lucidity {rC+ Will+ Regen+ Str+4}
rPois   .          Reflect  +   v - +1 helmet
rElec   .          Harm     .   R - +0 cloak
rCorr   .          Rampage  .   y - +1 pair of gloves
Will    +....                   r - +1 pair of boots
Stlth   ..........              V - amulet of reflection
HPRegen 1.25/turn               F - +4 ring of protection
MPRegen 0.19/turn               x - ring "Rakhoas" {rF+ Int+6 Stlth-}

@: confused, ambrosia-drunk, very slightly contaminated
A: no striking features
a: Renounce Religion


You were on level 11 of the Dungeon.
You worshipped Vehumet.
Vehumet was greatly pleased with you.
You visited 2 branches of the dungeon, and saw 13 of its levels.
You also visited: Ossuary.

You collected 1002 gold pieces.
You spent 420 gold pieces at shops.

Inventory:

Hand Weapons
 a - a +6 trident of venom
 b - a +1 scimitar of flaming (weapon)
 m - a +0 hunting sling
 w - a +3 flail of protection
 H - a +3 flail of chaos
Missiles
 u - 69 bolts
 A - 3 boomerangs of dispersal
 G - 77 sling bullets
 Z - a throwing net (quivered)
Armour
 d - a +0 kite shield (worn)
 h - a scarf of repulsion
 r - a +1 pair of boots (worn)
 v - a +1 helmet (worn)
 y - a +1 pair of gloves (worn)
 J - a scarf of harm
 N - the +0 robe of Wicked Lucidity (worn) {rC+ Will+ Regen+ Str+4}
   (You found it on level 10 of the Dungeon)

   Str:       It affects your strength (+4).
   rC:        It protects you from cold.
   Regen:     It increases your rate of health regeneration.
   Will:      It increases your willpower.
 R - a +0 cloak (worn)
 S - +0 steam dragon scales
Jewellery
 e - a ring of protection from fire
 g - a +4 ring of evasion
 x - the ring "Rakhoas" (right hand) {rF+ Int+6 Stlth-}
   (You found it on level 4 of the Dungeon)

   [ring of protection from fire]

   Int:       It affects your intelligence (+6).
   rF:        It protects you from fire.
   Stlth:     It makes you less stealthy.
 z - a +6 ring of intelligence
 C - a +4 ring of evasion
 F - a +4 ring of protection (left hand)
 U - an amulet of guardian spirit
 V - an amulet of reflection (around neck)
 Y - a ring of positive energy
Wands
 I - a wand of charming (8)
 Q - a wand of polymorph (18)
 T - a wand of digging (4)
Scrolls
 c - 4 scrolls of fog
 i - a scroll of amnesia
 q - 2 scrolls of fear
 E - 4 scrolls of enchant weapon
 O - a scroll of magic mapping
Potions
 f - 8 potions of curing
 n - a potion of ambrosia
 o - a potion of heal wounds {unknown}
 t - a potion of brilliance
 B - 2 potions of flight
 D - a potion of mutation
 K - 2 potions of cancellation
 L - a potion of magic
 M - a potion of might
 P - a potion of haste
Miscellaneous
 X - a tin of tremorstones (2/2)


   Skills:
 * Level 9.1 Fighting
 + Level 4.8 Armour
 + Level 7.6 Dodging
 + Level 4.5 Stealth
 * Level 8.6 Shields
 * Level 8.1 Spellcasting
 + Level 9.0 Conjurations
 + Level 1.6 Translocations
 + Level 1.3 Fire Magic
 * Level 0.8 Air Magic
 * Level 0.8 Poison Magic


You had 7 spell levels left.
You knew the following spells:

 Your Spells              Type           Power      Damage    Failure   Level
a - Magic Dart            Conj           100%       1d8       1%          1
b - Searing Ray           Conj           100%       2d8       1%          2
c - Foxfire               Conj/Fire      100%       2x1d9     1%          1
d - Iskenderun's Mystic   Conj/Tloc      44%        2d10      3%          4
e - Irradiate             Conj/Tmut      19%        3d20      11%         5
f - Olgreb's Toxic Radia  Pois           17%        N/A       17%         4
g - Swiftness             Air            17%        N/A       21%         3

Your spell library contained the following spells:

 Spells                   Type           Power      Damage    Failure   Level
 Shock                    Conj/Air       100%       1d9       1%          1
 Dazzling Flash           Conj/Hex       78%        N/A       1%          3
 Poisonous Vapours        Pois/Air       34%        N/A       3%          2
 Fulminant Prism          Conj/Hex       19%        3d11      4%          4
 Sting                    Tmut/Pois      56%        1d5       9%          1
 Summon Small Mammal      Summ           48%        N/A       10%         1
 Corpse Rot               Necr/Air       28%        N/A       12%         2
 Sublimation of Blood     Necr           12%        N/A       14%         2
 Wereblood                Tmut           12%        N/A       14%         2
 Airstrike                Air            8%         N/A       17%         4
 Call Canine Familiar     Summ           12%        N/A       28%         3
 Summon Guardian Golem    Hex/Summ       12%        N/A       28%         3
 Summon Lightning Spire   Summ/Air       14%        N/A       63%         4
 Storm Form               Tmut/Air       7%         N/A       100%        7
 Summon Hydra             Summ           6%         N/A       100%        7
 Maxwell's Capacitive Co  Air            8%         ∞         100%        8


Dungeon Overview and Level Annotations

Branches:
Dungeon (12/15)            Temple (1/1) D:6            Lair (0/6) D:8
    Orc (0/2) D:9         Ossuary (visited)

Altars:
Ashenzari
Cheibriados
Dithmenos
Elyvilon
Fedhas
Gozag
Hepliaklqana
Kikubaaqudgha
Makhleb
Nemelex Xobeh
Okawaru
Qazlal
Ru
Sif Muna
Trog
Uskayaw
Vehumet
Wu Jian
Xom
Yredelemnul
Zin
The Shining One

Shops:
D:4 (   D:7 =   D:8 *

Portals:
Trove: D:10 (give 4 scrolls of fear)

Annotations:
D:9 3 runed translucent doors, frimble's ghost, journeyman TrWr


Message History

The deep elf pyromancer casts a spell at you.
The sticky flame reflects off an invisible shield around you!
The sticky flame hits the deep elf pyromancer!
The deep elf pyromancer is covered in liquid flames!
The deep elf pyromancer burns!
The five-headed hydra bites you but does no damage.
The five-headed hydra barely misses you.
The five-headed hydra closely misses you.
The five-headed hydra bites you but does no damage.
The five-headed hydra closely misses you.
You climb upwards.
There is a stone staircase leading down here.
Okay, then.
Casting: Iskenderun's Mystic Blast (dangerous; 3% risk of failure)
Confirm with . or Enter, or press ? or * to list all spells.
Okay, then.
You are confused.
You feel invigorated. The five-headed hydra bites you.
* * * LOW HITPOINT WARNING * * *
The five-headed hydra bites you!
* * * LOW HITPOINT WARNING * * *
The five-headed hydra bites you!
* * * LOW HITPOINT WARNING * * *
The five-headed hydra bites you but does no damage. x2
Unknown command.
You barely miss the five-headed hydra.
The five-headed hydra is heavily wounded.
The five-headed hydra barely misses you. x2
The five-headed hydra bites you but does no damage. x2
The five-headed hydra bites you.
* * * LOW HITPOINT WARNING * * *
Unknown command.
You're too confused to move!
The five-headed hydra bites you.
* * * LOW HITPOINT WARNING * * *
The five-headed hydra bites you.
* * * LOW HITPOINT WARNING * * *
The five-headed hydra bites you!
* * * LOW HITPOINT WARNING * * *
The five-headed hydra bites you!
You die...

############## ##.....##.....##
##.(............##
#................#
#................#
##..............@D##############
##.....................##......#
##.....................##......#
##...........>.........##......#
###...(................##......#
....(..................##......#
########.##..#.........##......#
# ####.###..####.######..†...# #
#....# ##.# #.............#


You could see a five-headed hydra.

Vanquished Creatures
  A boulder beetle (D:11)
  2 hydras
  2 two-headed ogres
  Erica (D:8)
  A deep elf pyromancer (D:12)
  2 cyclopes
  Joseph (D:7)
  A gargoyle (D:10)
  A komodo dragon (D:12)
  3 unseen horrors
  2 trolls
  A hornet (shapeshifter) (D:12)
  3 hornets
  2 slime creatures (D:12)
  2 shadows
  2 wraiths
  9 yaks
  3 steam dragons
  A water moccasin (D:8)
  4 orc warriors
  3 black bears
  3 necrophages (D:6)
  4 sky beasts
  5 ogres
  5 centaurs
  2 phantoms
  2 kobold brigands
  2 bullfrogs (D:8)
  2 gnoll sergeants
  8 scorpions
  A wyvern skeleton (D:6)
  A water moccasin skeleton (D:5)
  6 wights
  An electric eel (D:9)
  5 howler monkeys
  A bullfrog zombie (D:6)
  3 jellies
  2 centaur zombies
  3 hounds
  A centaur skeleton (D:6)
  3 gnoll shamans
  8 orc priests
  2 bullfrog skeletons (D:5)
  8 iguanas
  9 orc wizards
  A killer bee zombie (D:7)
  A hound zombie (D:5)
  4 mummies (Ossuary)
  2 howler monkey zombies
  26 gnolls
  12 adders
  A shadow imp (D:5)
  2 white imps (D:7)
  2 ufetubi (D:7)
  2 adder skeletons (D:4)
  A worm (D:3)
  11 dart slugs (D:4)
  43 orcs
  11 ball pythons
  12 bats
  5 endoplasms
  6 giant cockroaches
  4 gnoll zombies (Ossuary)
  9 goblins
  8 hobgoblins
  4 jackals
  24 kobolds
  3 quokkas
  4 frilled lizards
  A goblin zombie (Ossuary)
  3 hobgoblin zombies (Ossuary)
  3 rats
339 creatures vanquished.

Vanquished Creatures (others)
  An acid dragon (D:12)
  118 foxfires
  33 fungi
  22 plants
  5 toadstools (D:7)
179 creatures vanquished.

Grand Total: 518 creatures vanquished

Notes
Turn   | Place    | Note
-------+----------+-------------------------------------------
     0 | D:1      | bjtr the Human Conjurer began the quest for the Orb.
     0 | D:1      | Reached XP level 1. HP: 13/13 MP: 3/3
   231 | D:1      | Reached XP level 2. HP: 20/20 MP: 1/5
   234 | D:1      | Learned a level 2 spell: Searing Ray
   902 | D:1      | Reached XP level 3. HP: 25/25 MP: 3/6
   950 | D:1      | Reached skill level 1 in Shields
  1114 | D:1      | Reached skill level 1 in Fighting
  1142 | D:1      | Found a faded altar of an unknown god.
  1462 | D:2      | Noticed an ogre
  1581 | D:2      | Killed an ogre
  1582 | D:2      | Reached XP level 4. HP: 10/32 MP: 0/8
  1582 | D:2      | Reached XP level 5. HP: 12/37 MP: 0/9
  3017 | D:3      | Found an ancient bone altar of Kikubaaqudgha.
  3089 | D:3      | Reached XP level 6. HP: 44/44 MP: 3/11
  3398 | D:4      | Reached skill level 1 in Armour
  3958 | D:4      | Found Ysixzis's Antique Weapon Boutique.
  3980 | D:4      | Reached XP level 7. HP: 49/51 MP: 6/12
  4169 | D:4      | Identified the ring "Rakhoas" {rF+ Int+6 Stlth-}
  4573 | D:4      | Found a radiant altar of Vehumet.
  4582 | D:4      | Became a worshipper of Vehumet
  4606 | D:4      | Reached skill level 5 in Conjurations
  4875 | D:5      | Entered Level 5 of the Dungeon
  5271 | D:5      | Reached XP level 8. HP: 46/57 MP: 8/14
  6394 | D:6      | Found a staircase to the Ecumenical Temple.
  6490 | Temple   | Entered the Ecumenical Temple
  6699 | D:6      | Reached skill level 5 in Spellcasting
  6699 | D:6      | Reached XP level 9. HP: 41/65 MP: 11/16
  7451 | D:6      | Reached * piety under Vehumet
  7451 | D:6      | Offered knowledge of Foxfire by Vehumet.
  7454 | D:6      | Learned a level 1 spell: Foxfire
  7556 | D:6      | Killed an unseen horror
  7557 | D:6      | Reached skill level 5 in Fighting
  8484 | D:6      | Found a blossoming altar of Fedhas.
  8646 | D:7      | Found a hazy altar of Hepliaklqana.
  8698 | D:7      | Found a sand-covered staircase.
  8719 | Ossuary  | Entered an ossuary
  9429 | D:7      | Learned a level 4 spell: Iskenderun's Mystic Blast
  9612 | D:7      | Offered knowledge of Freeze by Vehumet.
  9612 | D:7      | Reached ** piety under Vehumet
  9613 | D:7      | Reached skill level 5 in Dodging
  9613 | D:7      | Reached XP level 10. HP: 76/76 MP: 15/18
  9943 | D:7      | Found a sacrificial altar of Ru.
 10189 | D:7      | Found Myekker's Jewellery Boutique.
 10215 | D:7      | Reached skill level 5 in Shields
 10271 | D:7      | Noticed Joseph
 10290 | D:7      | Killed Joseph
 10948 | D:6      | Offered knowledge of Static Discharge by Vehumet.
 11425 | D:7      | Bought an amulet of reflection for 420 gold pieces
 11767 | D:8      | Noticed a seven-headed hydra
 11972 | D:8      | Killed a seven-headed hydra
 11973 | D:8      | Reached XP level 11. HP: 76/84 MP: 14/21
 12109 | D:8      | Noticed a two-headed ogre
 12486 | D:8      | Noticed a cyclops
 12757 | D:8      | Killed a two-headed ogre
 12757 | D:8      | Reached *** piety under Vehumet
 13031 | D:8      | Found a staircase to the Lair.
 13061 | D:8      | Found Ujiun's Elemental Accessories.
 13312 | D:8      | Killed a cyclops
 14044 | D:9      | Found a runed translucent gate.
 14045 | D:9      | Found a runed translucent gate.
 14095 | D:9      | Found a runed translucent gate.
 14095 | D:9      | Noticed frimble's ghost (journeyman TrWr)
 14095 | D:9      | Noticed a fire crab
 14096 | D:9      | Noticed a centaur warrior
 14096 | D:9      | Noticed a two-headed ogre
 14100 | D:9      | Noticed a cyan ugly thing
 14108 | D:9      | a fire crab changed into a shapeshifter
 14162 | D:9      | Offered knowledge of Inner Flame by Vehumet.
 14169 | D:9      | Reached skill level 1 in Fire Magic
 14170 | D:9      | Reached skill level 1 in Translocations
 14605 | D:9      | Found a staircase to the Orcish Mines.
 14611 | D:9      | Noticed Erica
 15520 | D:9      | Found a shimmering blue altar of Sif Muna.
 15559 | D:9      | Noticed an orb spider
 15672 | D:8      | Killed Erica
 15786 | D:9      | Noticed a two-headed ogre
 15800 | D:9      | Noticed a deep troll
 15800 | D:9      | a two-headed ogre changed into a deep troll
 15805 | D:9      | Noticed a sea snake
 15805 | D:9      | a deep troll changed into a sea snake
 15809 | D:10     | Entered Level 10 of the Dungeon
 15938 | D:10     | Found a portal to a secret trove of treasure.
 16099 | D:10     | Reached **** piety under Vehumet
 16199 | D:10     | Reached XP level 12. HP: 69/92 MP: 9/23
 16459 | D:10     | Found a glowing silver altar of Zin.
 16483 | D:10     | Identified the +0 robe of Wicked Lucidity {rC+ Will+ Regen+
                  | Str+4}
 17015 | D:11     | Noticed a seven-headed hydra
 17027 | D:11     | Killed a two-headed hydra
 17081 | D:11     | Noticed a two-headed ogre
 17108 | D:11     | Noticed a boulder beetle
 17186 | D:11     | Offered knowledge of Irradiate by Vehumet.
 17296 | D:11     | Killed a two-headed ogre
 17630 | D:11     | Killed a boulder beetle
 17766 | D:11     | Learned a level 5 spell: Irradiate
 17777 | D:11     | Learned a level 4 spell: Olgreb's Toxic Radiance
 17781 | D:11     | Learned a level 3 spell: Swiftness
 17797 | D:11     | Found a hazy altar of Hepliaklqana.
 17849 | D:12     | Noticed a six-headed hydra
 18166 | D:12     | Noticed a two-headed ogre
 18183 | D:12     | Upgraded the game from 0.28-a0-779-g3d1f99b579 to
                  | 0.28-a0-793-g31680bbd8b
 18206 | D:11     | HP: 4/95 [five-headed hydra (9)]
 18206 | D:11     | Mangled by a five-headed hydra

Illustrated notes

Levels and vault maps discovered:
D:1:      dpeg_arrival_three_bigger_balls, layout_loops_cross,
          ebering_ecumenical_altar_webs, minmay_misc_feat_five
D:2:      layout_rooms, kennysheep_generic_room_7
D:3:      layout_rooms, kiku_gazebo_pond_becter
D:4:      kennysheep_slugbush, layout_gridville, nicolae_vehumet_radiance,
          serial_shops, shop, minmay_misc_feat_roman, minmay_diced_spiral
D:5:      layout_cave_pools, minmay_strange_pillars, glass_columns_a,
          kennysheep_cross_bottleneck, minmay_hedge_maze, st_stairs_9
D:6:      minmay_angry_zag, layout_loops_cross, general_overflow_altar,
          minmay_temple_entry_butterflies, lemuel_flamethrower_2
D:7:      old_forge, layout_basic, mainiacjoe_overflow_cross_hatched,
          nicolae_ru_awakened_eye, serial_shops, shop_fountains,
          nicolae_ossuary_entry_ruins, minmay_gold_behind_fungi,
          kennysheep_pointless_box, hangedman_misty_isle, uniq_joseph
D:8:      layout_loops_cross, grunt_lair_entry_orc_guard_hut,
          minmay_misc_feat_diagonals, nicolae_elemental_shop, minmay_small_thing
D:9:      layout_big_octagon, mainiacjoe_overflow_alcove_4, orc_david_3,
          gammafunk_ghost_split, minmay_crystal_water, uniq_erica
D:10:     layout_stronghold, lemuel_round_altar, nicolae_trove_entry_columns
D:11:     layout_rooms, nicolae_hepliaklqana_hippocampus
D:12:     layout_rooms
Temple:   regret_index_temple_waves

Skill      XL: |  1  2  3  4  5  6  7  8  9 10 11 12 |
---------------+-------------------------------------+-----
Shields        | 1 2 3 4 5 6 8 |  8.6
Fighting       | 1 2 4 5 7 8 9 |  9.1
Spellcasting   | 3 4 5 6 7 8 |  8.1
Armour         | 1 2 3 4 |  4.8
Conjurations   | 5 6 7 8 9 |  9.0
Dodging        | 3 5 7 |  7.6
Stealth        | 3 4 |  4.5
Fire Magic     | 1 |  1.3
Translocations | 1 |  1.6
Air Magic      | |  0.8
Poison Magic   | |  0.8

Action                   |  1- 3 |  4- 6 |  7- 9 | 10-12 || total
-------------------------+-------+-------+-------+-------++-------
Melee: Short sword       |    57 |     4 |       |       ||    61
       Unarmed           |     4 |       |       |       ||     4
       Dagger            |       |    43 |   123 |       ||   166
       Mace              |       |       |    91 |    86 ||   177
       Flail             |       |       |       |    50 ||    50
       Trident           |       |       |       |   145 ||   145
       Scimitar          |       |       |       |    19 ||    19
Throw: Throwing net      |       |       |       |     1 ||     1
 Cast: Magic Dart        |    13 |       |       |       ||    13
       Searing Ray       |    20 |    34 |    55 |    66 ||   175
       Foxfire           |       |       |       |    67 ||    67
       Iskenderun's Myst |       |       |       |    28 ||    28
  Use: Scroll            |     4 |     5 |     7 |    13 ||    29
       Potion            |       |     1 |       |     7 ||     8
 Stab: Sleeping          |     1 |     2 |       |       ||     3
       Distracted        |       |       |     1 |       ||     1
Armor: Robe              |     1 |       |       |    58 ||    59
       Leather armour    |    19 |    21 |    83 |    42 ||   165
       Ring mail         |       |       |       |    33 ||    33
       Steam dragon scal |       |       |       |    55 ||    55
Dodge: Dodged            |    81 |    72 |   214 |   375 ||   742
Block: Other             |       |       |       |    47 ||    47
       Kite shield       |       |       |       |   197 ||   197
       Reflection        |       |       |       |     9 ||     9

Table legend: (Time is in decaauts)
 A = Elapsed time spent in this place.
 B = Non-inter-level travel time spent in this place.
 C = Inter-level travel time spent in this place.
 D = Time resting spent in this place.
 E = Time spent auto-exploring this place.
 F = Levels seen in this place.
 G = Mean time per level.
                   A        B        C        D        E       F      G
               +--------+--------+--------+--------+--------+-----+--------+
         Total |  18400 |  17654 |    746 |   7237 |   6513 |  14 | 1314.3 |
       Dungeon |  17456 |  16723 |    733 |   6616 |   6429 |  12 | 1454.7 |
        Temple |    372 |    359 |     13 |    258 |     84 |   1 |  372.0 |
       Ossuary |    571 |    571 |      0 |    363 |      0 |   1 |  571.0 |
               +--------+--------+--------+--------+--------+-----+--------+

Top non-repeatable levels by time:
     D:7: 2983 daAuts
     D:8: 2330 daAuts
     D:6: 2154 daAuts
     D:1: 1591 daAuts
     D:4: 1503 daAuts
     D:5: 1457 daAuts
    D:10: 1180 daAuts
     D:9: 1172 daAuts
     D:3: 947 daAuts
    D:11: 936 daAuts
     D:2: 847 daAuts
 Ossuary: 571 daAuts
  Temple: 372 daAuts
    D:12: 351 daAuts
